[Event "Chhattisgarh Masters GM 2022"]
[Site "Chhattisgarh"]
[Date "2022.09.19"]
[Round "1.9"]
[White "Rajesh, V A V"]
[Black "Mayank Chakraborty"]
[Result "1/2-1/2"]
[ECO "A01"]
[WhiteElo "2331"]
[BlackElo "2044"]
[Annotator "TA"]
[PlyCount "159"]
[EventDate "2022.09.19"]
[EventCountry "IND"]
[SourceTitle "playchess.com"]
[Source "ChessBase"]
[SourceQuality "1"]
[TimeControl "5400+30"]

1. b3 e5 2. Bb2 Nc6 3. e3 Nf6 4. Bb5 Bd6 5. Na3 a6 {[%emt 0:01:52] CPLX 2.2 27 (e5-e4) (=27)} 6. Be2 {[%emt 0:02:08] RELBLUND 53 (Bb5xc6) (=53). A01: Nimzowitsch-Larsen Opening.} (6. Bxc6 $11 dxc6 7. Nc4) 6... b5 {[%emt 0:01:28] RELBLUND 57 (Bd6-e7) (=42)} (6... Be7 $15) 7. c4 $11 {[%emt 0:00:31] CPLX 2.2} b4 {[%emt 0:03:29] CPLX 2.4 16 (h7-h6) (=33)} 8. Nc2 {[%emt 0:00:19] EASY. White has an edge.} Bb7 {[%emt 0:02:25] CPLX 2.1 0 (0-0) (=25)} 9. d4 {[%emt 0:03:48] CPLX 2.1} exd4 {[%emt 0:00:34] CPLX 2.5 37 (0-0) (=27)} 10. exd4 {[%emt 0:00:08] [#] RECAPT} O-O $146 {[%emt 0:02:56] BESTDEEP} ({Predecessor:} 10... Ne7 11. Nf3 Ne4 12. O-O O-O 13. c5 Bf4 14. Nxb4 d6 15. Qc2 Nf6 16. c6 Bc8 {0-1 (39) Reshetkov,K (2256)-Matviishen,V (2439) Lutsk 2018}) 11. c5 {[%emt 0:12:53] CPLX 2.2 42 (Be2-f3) (=16)} Bf4 {[%emt 0:01:43] CPLX 2.4} 12. Nh3 {[%emt 0:01:33] BESTDEEP} Bh6 {[%emt 0:07:27] BESTDEEP} (12... Nd5 $2 13. Bf3 $18) 13. d5 {[%emt 0:10:05] EASY} Ne7 {[%emt 0:00:13] MISSDEEP-Nc6-a7 100 (Nc6-a7) (=26)} (13... Na7 $1 $11 {remains equal.}) 14. Bxf6 $16 {[%emt 0:03:15] EASY} gxf6 {[%emt 0:00:02] RECAPT} 15. Bf3 {[%emt 0:00:49] CPLX 2.5 65 (0-0) (=16)} (15. O-O $16) 15... d6 $14 {[%emt 0:01:49] CPLX 2.4} 16. c6 {[%emt 0:02:49] CPLX 2.7 7 (0-0) (=15)} Bc8 {[%emt 0:01:06] CPLX 2.7} 17. Nxb4 {[%emt 0:01:09] CPLX 2.5 19 (Nh3-g1) (=16)} Bxh3 {[%emt 0:00:03] BESTDEEP} 18. gxh3 {[%emt 0:00:10] RECAPT} Ng6 {[%emt 0:02:12] CPLX 2.7 2 (f6-f5) (=17)} 19. O-O {[%emt 0:16:55] EASY} f5 {[%emt 0:00:12][%mdl 1024] Black has compensation. CPLX 2.5} 20. Nd3 {[%emt 0:01:23] CPLX 2.9 0 (Ra1-b1) (=12)} Kh8 {[%emt 0:04:27] CPLX 2.8 0 (Qd8-h4) (=15)} 21. Kh1 {[%emt 0:01:51] CPLX 2.8} Qh4 {[%emt 0:03:49] CPLX 2.5} 22. Bg2 {[%emt 0:12:45] CPLX 2.7 18 (Rf1-g1) (=12)} Rg8 {[%emt 0:00:47] BESTDEEP} 23. Rg1 {[%emt 0:13:29] CPLX 2.7} Rg7 {[%emt 0:02:15] BESTDEEP} 24. Qe2 {[%emt 0:00:57] CPLX 2.7 12 (Bg2-f3) (=11)} Rag8 {[%emt 0:01:12] CPLX 2.8 0 (Bh6-f4) (=12)} 25. Bf3 {[%emt 0:09:04] CPLX 2.8 12 (Ra1-f1) (=11)} Qxh3 {[%emt 0:13:31] CPLX 2.9 7 (Bh6-f4) (=12)} 26. Rg3 {[%emt 0:00:23] CPLX 3.4} Qh4 {[%emt 0:00:02] [#] Threatens to win with ...Nf4. EASY} 27. Rag1 {[%emt 0:00:55] CPLX 3.3} Nf4 {[%emt 0:00:56] CPLX 3.4 16 (Qh4-d4) (=11)} 28. Rxg7 {[%emt 0:02:14] CPLX 4.9} Bxg7 {[%emt 0:00:21] RECAPT} 29. Nxf4 {[%emt 0:00:16] CPLX 4.1} Qxf4 {[%emt 0:00:09] RECAPT} 30. Qe3 {[%emt 0:00:48] CPLX 3.0} Qh4 {[%emt 0:02:30] CPLX 3.2 0 (Qf4xe3) (=10)} 31. Be2 {[%emt 0:01:37] CPLX 3.3 0 (Qe3-g5) (=9)} Be5 {[%emt 0:00:20][%csl Ge5][%cal Rh4h2] [#] CPLX 3.4} 32. Rxg8+ {[%emt 0:00:05] BESTDEEP} Kxg8 $11 {[%emt 0:00:02][%csl Ge5][%cal Rh4h2][%mdl 4096] Endgame KQB-KQB. LEGAL} 33. h3 {[%emt 0:00:25] EASY} a5 {[%emt 0:02:01] CPLX 2.7} 34. Bd3 {[%emt 0:00:22] CPLX 2.7 0 (Qe3-f3) (=8)} Qh5 {[%emt 0:06:26] CPLX 2.6 0 (f5-f4) (=9)} (34... f4 $5 35. Qf3 $8 Bd4 $11) 35. Kg2 {[%emt 0:00:52] CPLX 3.2 0 (Bd3-e2) (=8)} Kg7 {[%emt 0:02:18] CPLX 3.6} 36. f4 {[%emt 0:01:17] CPLX 3.7} Bf6 {[%emt 0:00:45] CPLX 3.2} 37. Qg3+ {[%emt 0:00:19] CPLX 2.9 27 (Bd3-c2) (=8)} Kf8 {[%emt 0:00:15] CPLX 2.2} 38. Qf3 {[%emt 0:00:43] CPLX 2.5} Qg6+ {[%emt 0:00:16] CPLX 3.2} 39. Qg3 {[%emt 0:00:48] BESTDEEP} Qh5 {[%emt 0:02:43] CPLX 2.6 27 (Bf6-h4) (=8)} 40. Qf3 {[%emt 0:00:17] CPLX 2.5} Qg6+ {[%emt 0:00:06] CPLX 3.2} 41. Qg3 {[%emt 0:00:25] BESTDEEP} Bh4 {[%emt 0:01:37] CPLX 2.6} 42. Qxg6 {[%emt 0:00:05] Active counter play! EASY} fxg6 {[%emt 0:00:02] KB-KB. RECAPT} 43. Ba6 {[%emt 0:00:13] CPLX 2.0 2 (Kg2-f3) (=7)} Be1 {[%emt 0:00:19] CPLX 2.0} 44. Kf3 {[%emt 0:00:04] CPLX 2.0 0 (a2-a3) (=7)} Bd2 {[%emt 0:00:05] CPLX 2.0} 45. Bc8 {[%emt 0:00:04] CPLX 2.0 2 (a2-a3) (=6)} Ke7 {[%emt 0:00:05] CPLX 2.0} 46. Be6 {[%emt 0:00:05] CPLX 2.0 19 (h3-h4) (=7)} Kf6 {[%emt 0:00:10] CPLX 2.0 21 (Bd2-c1) (=7)} 47. Bd7 {[%emt 0:00:52] CPLX 2.0 21 (a2-a3) (=7)} h6 {[%emt 0:01:44] CPLX 2.0 15 (Bd2-c1) (=8)} 48. Bc8 {[%emt 0:02:08] CPLX 2.0 39 (a2-a3) (=8)} Bc1 {[%emt 0:01:47] CPLX 2.0 20 (g6-g5) (=8)} 49. h4 {[%emt 0:00:00] CPLX 2.0} Bd2 {[%emt 0:00:00] CPLX 2.0 36 (g6-g5) (=8)} 50. Kg3 {[%emt 0:00:00] CPLX 2.0 36 (a2-a3) (=8)} Be1+ {[%emt 0:00:00] CPLX 2.0} 51. Kh3 $1 {[%emt 0:00:00] CPLX 2.0} g5 {[%emt 0:00:00] BESTDEEP} 52. fxg5+ {[%emt 0:00:00] CPLX 2.0} hxg5 {[%emt 0:00:00] RECAPT} 53. hxg5+ {[%emt 0:00:00] CPLX 2.1 46 (h4-h5) (=9)} (53. h5 $1 $15 {feels stronger.}) 53... Kxg5 $17 {[%emt 0:00:00] RECAPT} 54. Ba6 {[%emt 0:00:00] CPLX 2.0 0 (Bc8-e6) (=9)} Kf4 {[%emt 0:00:00] CPLX 2.0} 55. Bd3 {[%emt 0:00:00] CPLX 2.0 6 (Kh3-g2) (=9)} Ke5 {[%emt 0:00:00] CPLX 2.0} 56. Kg2 {[%emt 0:00:00] CPLX 2.0 0 (Bd3-c4) (=8)} Kxd5 {[%emt 0:00:00] CPLX 2.0 41 (f5-f4) (=8)} 57. Bxf5 {[%emt 0:00:00] CPLX 2.0} Kxc6 {[%emt 0:00:00] CPLX 2.0} 58. Kf3 {[%emt 0:00:00] CPLX 2.0} Kc5 {[%emt 0:00:00] CPLX 2.0 0 (Be1-b4) (=8)} 59. Ke2 {[%emt 0:00:00] CPLX 2.0 0 (Kf3-e3) (=8)} Bh4 {[%emt 0:00:00] CPLX 2.0 23 (Be1-c3) (=8)} 60. Kd3 {[%emt 0:00:00] CPLX 2.0 18 (a2-a3) (=8)} Kb4 {[%emt 0:00:00] CPLX 2.0 11 (a5-a4) (=8)} 61. Be6 Ka3 62. Kc2 Kxa2 (62... Be1 $15) 63. b4+ $1 $11 {[%emt 0:00:00] The position is equal.} Ka3 64. bxa5 Kb4 65. a6 {[%emt 0:00:00] Strongly threatening a7.} Bf2 66. Bg4 Ba7 67. Bf3 c5 68. Be2 c4 69. Bf3 Kb5 70. Kc3 Kc5 71. Kc2 Bb6 72. Bg2 Kb5 73. Bd5 Kc5 74. Bf3 d5 75. Bg2 d4 {[%emt 0:00:00] White must now prevent ...d3+.} 76. Bf1 Kb5 77. Be2 d3+ 78. Bxd3 $1 cxd3+ 79. Kxd3 Kxa6 80. Ke4 {[%emt 0:14:25] Weighted Error Value: White=0.09 (flawless) /Black=0.09 (flawless)} 1/2-1/2

[Event "Chhattisgarh Masters GM 2022"]
[Site "Chhattisgarh"]
[Date "2022.09.19"]
[Round "1.10"]
[White "Bommini Mounika Akshaya"]
[Black "Mitrabha, Guha"]
[Result "0-1"]
[ECO "D07"]
[WhiteElo "2152"]
[BlackElo "2471"]
[Annotator "TA"]
[PlyCount "82"]
[EventDate "2022.09.19"]
[EventCountry "IND"]
[SourceTitle "playchess.com"]
[Source "ChessBase"]
[SourceQuality "1"]
[TimeControl "5400+30"]

1. d4 d5 2. c4 Nc6 3. cxd5 Qxd5 4. Nf3 e5 5. Nc3 Bb4 6. Bd2 Bxc3 7. Bxc3 e4 8. Nd2 e3 9. fxe3 {[%emt 0:01:08] CPLX 3.2} Nf6 {[%emt 0:00:02] Against e4. EASY. D07: Queen's Gambit: Chigorin Defence.} 10. Qb3 {[%emt 0:09:14] CPLX 2.4 1 (e3-e4) (=1)} Be6 {[%emt 0:00:02][%cal Bc8e6,Be6d5,Bd5e4][%mdl 32] BESTDEEP} 11. Qxd5 {[%emt 0:06:15] MISS-Qb3xb7 0 (Qb3xb7) (=0)} Bxd5 {[%emt 0:00:02] RECAPT. The position is equal.} 12. e4 {[%emt 0:02:25] CPLX 2.2 11 (Rh1-g1) (=3)} Nxe4 {[%emt 0:00:25] CPLX 2.5} 13. Nxe4 {[%emt 0:01:29] RECAPT} Bxe4 {[%emt 0:00:10] RECAPT} 14. e3 $1 {[%emt 0:03:02] DEEPSTRONG} O-O-O {[%emt 0:01:29] [#] CPLX 2.0} 15. Be2 $146 {[%emt 0:06:49] CPLX 2.0 0 (Bf1-b5) (=2)} ({Predecessor:} 15. Bc4 f6 16. Kf2 Rhe8 17. b4 Ne7 18. Rhe1 Nf5 19. Bf1 h5 20. b5 Rd7 21. Rac1 {½-½ (63) Bairachny,R (2315)-Panchenko,A (2465) Yalta 1996}) 15... Rhe8 {[%emt 0:01:46] BESTDEEP} 16. O-O {[%emt 0:01:16] CPLX 2.1} f6 {[%emt 0:00:42] CPLX 2.2 20 (f7-f5) (=3)} 17. Bb5 {CPLX 2.2 28 (b2-b4) (=4)} Re6 {[%emt 0:00:37] CPLX 2.3 22 (a7-a6) (=5)} 18. Bxc6 {[%emt 0:04:49] RELBLUND 59 (Bb5-e2) (=10)} (18. Be2 $11) 18... Bxc6 $15 {[%emt 0:00:06] RECAPT} 19. Bd2 {[%emt 0:00:19] CPLX 2.0} Bd5 {[%emt 0:00:25] CPLX 2.0 0 (a7-a6) (=4)} 20. a3 {[%emt 0:05:33] CPLX 2.0 5 (a2-a4) (=9)} Kd7 {[%emt 0:01:05] BESTDEEP} 21. Rac1 {[%emt 0:00:22] CPLX 2.0 4 (a3-a4) (=8)} g5 {[%emt 0:00:30] BESTDEEP} 22. Rf2 {[%emt 0:07:49] CPLX 2.0 0 (Bd2-a5) (=8)} h5 {[%emt 0:01:16] CPLX 2.0 48 (c7-c6) (=6)} 23. Rcf1 $1 {[%emt 0:02:08] DEEPSTRONG} Ke7 {[%emt 0:00:19] CPLX 2.0} 24. h3 {[%emt 0:13:22] CPLX 2.0 31 (Rf2-f5) (=9)} h4 {[%emt 0:00:54] CPLX 2.0 33 (c7-c6) (=8)} 25. Bc3 {[%emt 0:02:11] RELBLUND 66 (Rf2-f5) (=12)} (25. Rf5 $1 $11) 25... Rg8 $17 {[%emt 0:05:43] Black is more active. BESTDEEP} ({Much weaker is} 25... Rxe3 $6 26. Rxf6 Rg8 27. R6f5 $11) 26. e4 {[%emt 0:03:42] CPLX 2.0 77 (Kg1-h2) (=16)} (26. Kh2 $142) 26... Rxe4 {[%emt 0:00:11] DEEPSTRONG} ({Not} 26... Bxe4 27. d5 Bxd5 28. Rxf6 $17) 27. Rxf6 {[%emt 0:01:23] [#] CPLX 2.0} g4 $1 {[%emt 0:00:10] DEEPSTRONG} 28. Bb4+ $2 {[%emt 0:04:16] White does not recover from this. CPLX 2.5 177 (Rf6-f8) (=23)} (28. Rf8 $17) 28... Kd7 $19 {[%emt 0:00:08] Strongly threatening ...gxh3. CPLX 2.6=>BLUNDERREACT} 29. Rf8 {[%emt 0:00:49] [#] CPLX 2.2 96 (Rf6-f5) (=26)} Rg7 {[%emt 0:00:20] Hoping for ...gxh3. BESTDEEP} 30. R1f5 {[%emt 0:00:34] CPLX 2.4 99 (Rf1-e1) (=30)} c6 {[%emt 0:00:41] White must now prevent ...gxh3. CPLX 2.7} 31. Rb8 {[%emt 0:00:37][%cal Of5d5] Rxd5+! is the strong threat. CPLX 2.8 153 (Kg1-f2) (=35)} Kc7 {[%emt 0:00:57] EASY} 32. Rff8 {[%emt 0:00:19] CPLX 2.9 67 (Rb8-a8) (=36)} Kb6 {[%emt 0:00:40] BESTDEEP} 33. hxg4 {[%emt 0:00:47] CPLX 2.6 146 (Kg1-f2) (=41)} Rexg4 {[%emt 0:00:08] RECAPT} 34. Bc5+ {[%emt 0:00:21] CPLX 2.7 0 (Kg1-f1) (=39)} Kb5 {[%emt 0:00:19] CPLX 2.6 13 (Kb6-a6) (=5)} 35. Rf2 {[%emt 0:00:41] CPLX 2.9 0 (Kg1-f1) (=38)} Rxg2+ {[%emt 0:01:30] CPLX 2.8 175 (h4-h3) (=12)} 36. Kf1 {CPLX 3.2 136 (Rf2xg2) (=41)} h3 {[%emt 0:03:23] BESTDEEP} 37. Rh8 {[%emt 0:00:37] BESTDEEP} Rxf2+ {[%emt 0:00:15] CPLX 3.4 132 (Rg7-g3) (=15)} 38. Kxf2 {[%emt 0:00:01] RECAPT} Rg2+ {[%emt 0:00:02] EASY} 39. Ke3 {[%emt 0:01:02] CPLX 2.4} h2 {[%emt 0:03:55] CPLX 2.7 95 (Rg2xb2) (=17)} 40. Bd6 {[%emt 0:00:25] EASY} h1=Q {[%emt 0:00:03] CPLX 3.1 26 (h2-h1R) (=18)} (40... Rxb2 41. Rxh2 Rb3+ 42. Kf4 $17) 41. Rxh1 {[%emt 0:00:12] EASY} Rg6 {[%emt 0:00:02] Weighted Error Value: White=0.39/Black=0.21 (precise)} ({Worse is} 41... Rxb2 42. Rc1 $17) 0-1

[Event "Chhattisgarh Masters GM 2022"]
[Site "Chhattisgarh"]
[Date "2022.09.19"]
[Round "1.10"]
[White "Jaiswal, Rupesh"]
[Black "Nitish Belurkar"]
[Result "0-1"]
[ECO "C07"]
[WhiteElo "2107"]
[BlackElo "2419"]
[Annotator "TA"]
[PlyCount "74"]
[EventDate "2022.09.19"]
[EventCountry "IND"]
[SourceTitle "playchess.com"]
[Source "ChessBase"]
[SourceQuality "1"]
[TimeControl "5400+30"]

1. e4 e6 2. d4 d5 3. Nd2 c5 4. dxc5 Nf6 5. exd5 Qxd5 6. Ngf3 Bxc5 7. Bc4 Qh5 {[%emt 0:02:26] CPLX 3.1} 8. Nb3 {[%emt 0:03:15] C07: French Tarrasch: 3...c5, 4 Ngf3 and 4 exd5 Qxd5.} Bb6 {[%emt 0:03:27][%cal Bc5b6,Bb6c7,Bc7f4][%mdl 32] BESTDEEP} 9. O-O {[%emt 0:00:56] CPLX 2.9 7 (Qd1-e2) (=4)} O-O {[%emt 0:00:26] BESTDEEP} 10. Qe2 {[%emt 0:02:51] Against e5. CPLX 3.0 0 (Nf3-d2) (=2). The position is equal.} Nc6 {[%emt 0:04:27] CPLX 3.0 9 (Bb6-c7) (=2)} 11. Bf4 {[%emt 0:07:28] Prevents e5. CPLX 3.1} Re8 {[%emt 0:06:20] [#] White must now prevent ...e5. CPLX 3.3 0 (Qh5-f5) (=2)} 12. Ne5 {[%emt 0:25:59] CPLX 3.2} Qxe2 {[%emt 0:01:18] CPLX 3.8 0 (a7-a5) (=2)} 13. Bxe2 {[%emt 0:00:02] [#] RECAPT} Bc7 $146 {[%emt 0:01:01] BESTDEEP} ({Predecessor:} 13... Nxe5 14. Bxe5 Rd8 15. Bf3 Nd7 16. Bd6 Nb8 17. Rfd1 Nc6 18. c4 a6 19. Bxc6 bxc6 {1-0 (27) Biryukov,D (2365)-Bolychevsky,A (1825) Saratov 2011}) 14. Nxc6 {[%emt 0:01:35] BESTDEEP} Bxf4 {[%emt 0:00:07] EASY} 15. Ncd4 {[%emt 0:00:29] CPLX 2.5 1 (Nc6-a5) (=1)} e5 {[%emt 0:02:35] CPLX 2.2 3 (a7-a6) (=1)} 16. Nb5 {[%emt 0:01:41] Threatens to win with g3. CPLX 2.4} Rd8 {[%emt 0:02:48] CPLX 2.2 19 (e5-e4) (=3)} 17. g3 {[%emt 0:04:20] CPLX 2.3 10 (Ra1-d1) (=2)} Bh6 {[%emt 0:00:07] CPLX 2.3} 18. Rad1 {[%emt 0:03:17] CPLX 2.0} Bf5 {[%emt 0:01:23] CPLX 2.7} 19. Rxd8+ {[%emt 0:00:42] CPLX 2.4} Rxd8 {[%emt 0:00:14] RECAPT} 20. Rd1 {[%emt 0:00:16] CPLX 2.1} Rb8 {[%emt 0:07:13] BESTDEEP} 21. c3 {[%emt 0:08:23] CPLX 2.1} g6 {[%emt 0:06:03] BESTDEEP} 22. Bd3 {[%emt 0:03:53] CPLX 2.1 41 (Nb5-d6) (=4)} Bg4 {[%emt 0:03:53] BESTDEEP} 23. Re1 {[%emt 0:01:05] CPLX 2.2} Rd8 {[%emt 0:00:36] EASY} 24. Bc2 {[%emt 0:05:21] CPLX 2.3 13 (Bd3-c4) (=4)} a6 {[%emt 0:01:11] EASY} 25. Na3 {[%emt 0:00:26] CPLX 2.2} e4 {[%emt 0:00:52][%cal Be5e4,Be4e3][%mdl 32] BESTDEEP} 26. Nc4 {[%emt 0:01:15] BESTDEEP} Be6 $36 {[%emt 0:07:38][%mdl 2048] Black is more active. CPLX 2.1} 27. Na3 {[%emt 0:07:31] CPLX 2.4 60 (Nc4-a5) (=7)} (27. Nca5 $11) 27... e3 $17 {[%emt 0:09:38] Strongly threatening ...exf2+. CPLX 2.1} 28. f4 {[%emt 0:03:03] BESTDEEP} Bf8 {[%emt 0:03:31] BESTDEEP} 29. Nb1 {[%emt 0:02:12] CPLX 2.5 19 (Bc2-d1) (=7)} Ng4 {[%emt 0:02:03] Black is much more active. CPLX 2.4 20 (b7-b5) (=2)} 30. Nd4 {[%emt 0:02:50] CPLX 2.5 49 (a2-a4) (=9)} (30. a4 $142) 30... Bxa2 {[%emt 0:01:04] EASY} 31. h3 {[%emt 0:00:37] CPLX 2.6} Nf6 {[%emt 0:01:10] BESTDEEP} 32. Rxe3 {[%emt 0:00:37] EASY} Bc5 {[%emt 0:00:18] ...Rxd4 is the strong threat. EASY} 33. Rd3 {[%emt 0:00:46] BESTDEEP} Nd5 {[%emt 0:04:59] CPLX 2.1 27 (Ba2-c4) (=3)} 34. Nd2 {[%emt 0:01:06] [#] EASY} Nb4 $1 {[%emt 0:05:00] CPLX 2.1} 35. cxb4 {[%emt 0:00:14] EASY} Bxd4+ {[%emt 0:00:02] EASY} 36. Kf1 {[%emt 0:04:27] CPLX 2.0} Be6 {[%emt 0:02:31] A strong pair of Bishops. CPLX 2.1} 37. Kg2 {[%emt 0:01:31][%mdl 8192] RELBLUND 338 (g3-g4) (=18)} (37. g4 $17) 37... Bf5 {[%emt 0:00:12] Weighted Error Value: White=0.26 (precise) /Black=0.03 (flawless)} 0-1

[Event "Chhattisgarh Masters GM 2022"]
[Site "Chhattisgarh"]
[Date "2022.09.19"]
[Round "1.10"]
[White "Potluri Saye Srreezza"]
[Black "Divya Deshmukh"]
[Result "0-1"]
[ECO "E34"]
[WhiteElo "2044"]
[BlackElo "2330"]
[Annotator "TA"]
[PlyCount "146"]
[EventDate "2022.09.19"]
[EventCountry "IND"]
[SourceTitle "playchess.com"]
[Source "ChessBase"]
[SourceQuality "1"]
[TimeControl "5400+30"]

1. d4 Nf6 2. c4 e6 3. Nc3 Bb4 4. Qc2 O-O 5. Nf3 d5 6. cxd5 Qxd5 {[%emt 0:01:50] RECAPT 31 (e6xd5) (=31)} 7. Bd2 {[%emt 0:04:26] CPLX 3.1 10 (e2-e3) (=10). E34: Nimzo-Indian: Classical: 4...d5.} Bxc3 {[%emt 0:08:17] CPLX 3.0} 8. Bxc3 {[%emt 0:02:01] RECAPT} Rd8 {[%emt 0:01:08] [#] CPLX 2.4 13 (b7-b6) (=15)} 9. g3 $146 {[%emt 0:11:06] CPLX 2.4 21 (e2-e3) (=10). White is slightly better.} (9. e3 $5 ) ({Predecessor:} 9. e3 Bd7 10. h4 Bb5 11. h5 h6 12. Rh4 Bxf1 13. Kxf1 Nxh5 14. e4 Qb5+ 15. Kg1 {1-0 (41) Salonen,J (2150)-Varonen,M (2104) ICCF email 2015}) 9... c5 {[%emt 0:10:02] CPLX 2.5 10 (Qd5-f5) (=14)} 10. dxc5 {[%emt 0:06:13] BESTDEEP} Qxc5 {[%emt 0:01:59] RECAPT} 11. b4 {[%emt 0:04:51] CPLX 3.3 13 (Bf1-g2) (=9)} (11. Bg2 {feels hotter.} Nc6 12. O-O h6 13. Rfd1) 11... Qc7 {[%emt 0:07:30] CPLX 3.3 11 (Qc5-e7) (=11)} 12. Qb2 {[%emt 0:02:12] BESTDEEP} Qe7 {[%emt 0:12:18] BESTDEEP} 13. a3 {[%emt 0:05:35] CPLX 2.1 10 (Bf1-g2) (=8)} Nbd7 {[%emt 0:01:44] CPLX 2.1 26 (Bc8-d7) (=11)} 14. Bg2 {[%emt 0:03:11] CPLX 2.0} Nb6 {[%emt 0:00:56] CPLX 2.0} 15. Qb3 {[%emt 0:08:47] CPLX 2.1 37 (0-0) (=10)} Bd7 {[%emt 0:04:31] CPLX 2.2 0 (Nf6-e4) (=9)} 16. b5 {[%emt 0:10:35] CPLX 2.1 2 (0-0) (=9)} Ne4 {[%emt 0:02:22] CPLX 2.1} 17. Bd4 {[%emt 0:03:37] EASY} Be8 {[%emt 0:07:47] CPLX 2.7 12 (Ra8-c8) (=9)} 18. e3 {[%emt 0:11:01] CPLX 3.2 14 (0-0) (=9)} Nc5 {[%emt 0:01:28] Pair of Knights! CPLX 3.0} 19. Qb1 {[%emt 0:07:14] CPLX 3.0 0 (Bd4xc5) (=8)} Nca4 {[%emt 0:11:00] CPLX 3.0 15 (Ra8-c8) (=8)} 20. O-O {[%emt 0:10:05] CPLX 3.3} Rd5 {[%emt 0:00:16] CPLX 3.3 0 (f7-f6) (=8)} 21. Bxb6 {[%emt 0:01:50] MISSDEEP-Qb1-b4 108 (Qb1-b4) (=14)} (21. Qb4 $11 {keeps the balance.} Qxb4 22. axb4) 21... Rxb5 $17 {[%emt 0:00:32] EASY} 22. Qe4 {[%emt 0:00:52] CPLX 3.5} Rxb6 {[%emt 0:00:18] CPLX 3.5} 23. Nd4 {[%emt 0:00:30] CPLX 2.5 16 (Ra1-c1) (=14)} Rb2 {[%emt 0:06:21] CPLX 2.5 52 (Na4-c5) (=9)} (23... Nc5 $17 24. Qc2 Ba4) 24. Rfc1 {[%emt 0:00:30] CPLX 2.7 27 (Ra1-c1) (=14)} Nc5 {[%emt 0:01:47] CPLX 3.0} 25. Qf3 {[%emt 0:00:34] CPLX 3.2 53 (Qe4-h4) (=16)} (25. Qh4 $142 Qxh4 26. gxh4) 25... Nd3 {[%emt 0:00:14] RELBLUND 116 (Ra8-d8) (=14)} (25... Rd8 $17 {And now ...g6 would win.} 26. Rcb1 Rd2) 26. Rf1 {[%emt 0:00:18] RELBLUND 105 (Rc1-c3) (=21)} (26. Rc3 $1 $15 Nc5 27. Qd1) 26... g6 {[%emt 0:00:46] CPLX 2.8 40 (Ra8-c8) (=16)} 27. Qd1 {[%emt 0:00:36] CPLX 2.9 31 (e3-e4) (=21)} Nc5 {[%emt 0:00:16] Black is more active. CPLX 3.0} 28. Rb1 {[%emt 0:00:31] CPLX 2.5 5 (Qd1-c1) (=21)} Rxb1 {[%emt 0:02:00] CPLX 2.8 10 (Rb2-a2) (=15)} 29. Qxb1 {[%emt 0:00:01] RECAPT} e5 {[%emt 0:00:01] CPLX 2.2 41 (Ra8-c8) (=16)} 30. Ne2 {[%emt 0:00:32] CPLX 2.3 41 (Nd4-b3) (=21)} Qe6 {[%emt 0:10:15] CPLX 2.1 37 (Kg8-g7) (=17)} 31. Rc1 {[%emt 0:00:54] CPLX 2.2} Qb6 {[%emt 0:00:16] CPLX 2.5} 32. Qc2 {[%emt 0:00:34] CPLX 2.4 28 (Qb1-b4) (=20)} Rc8 {[%emt 0:00:13] CPLX 2.2} 33. Rb1 {[%emt 0:00:33] CPLX 2.5 27 (Qc2-c3) (=20)} Qd8 {[%emt 0:00:57] CPLX 2.7 36 (Qb6-c7) (=16)} 34. Qb2 {[%emt 0:00:13] CPLX 2.5} Qd6 {[%emt 0:00:36] BESTDEEP} 35. Nc3 {[%emt 0:00:21] BESTDEEP} ({But not} 35. Bxb7 $2 Rb8 36. Qc2 Rxb7 $19) 35... Bc6 {[%emt 0:00:22] Inhibits Ne4. CPLX 2.2} 36. Rd1 {[%emt 0:00:17] CPLX 2.5} Nd3 {[%emt 0:00:46] CPLX 2.9 69 (Qd6-e6) (=17)} (36... Qe6 $17 37. Qb4 b6 38. Bxc6 Rxc6) 37. Bxc6 $15 {[%emt 0:00:55] CPLX 3.5} Nxb2 {[%emt 0:00:33] BESTDEEP} ({Resist} 37... Rxc6 38. Qd2 $16) 38. Rxd6 {[%emt 0:00:05][%cal Oc3d5] EASY} Rxc6 {[%emt 0:00:13][%mdl 4096] Endgame KRN-KRN. EASY} 39. Rd8+ {[%emt 0:00:20] BESTDEEP} Kg7 {[%emt 0:00:02] LEGAL} 40. Nb5 {[%emt 0:00:15] CPLX 2.0 37 (Nc3-e4) (=17)} a6 {[%emt 0:00:20] CPLX 2.0 14 (Rc6-c1) (=15)} 41. Nd6 {[%emt 0:00:06] EASY} Nc4 {[%emt 0:00:00] CPLX 2.0 11 (b7-b5) (=15)} 42. Nxb7 {[%emt 0:00:00] CPLX 2.1} Nxa3 {[%emt 0:00:00] CPLX 2.0} 43. Rd7 {[%emt 0:00:00] CPLX 2.0 32 (Nb7-a5) (=17)} Nc4 {[%emt 0:00:00] RELBLUND 68 (Na3-b5) (=16)} (43... Nb5 $17 44. f4 Rc1+ 45. Kg2 Kf6) 44. Nd8 $11 {[%emt 0:00:00][%csl LRc6,LRf7] DEEPSTRONG} Rf6 {[%emt 0:00:00] CPLX 2.0} 45. Ra7 {[%emt 0:00:00] CPLX 2.0 60 (g3-g4) (=17)} (45. g4 $11 {remains equal.}) 45... Na3 {[%emt 0:00:00] CPLX 2.0 23 (g6-g5) (=16)} 46. Re7 {[%emt 0:00:00] CPLX 2.0 0 (Nd8-b7) (=17)} Nc4 {[%emt 0:00:00] CPLX 2.0 63 (Kg7-f8) (=17)} (46... Kf8 $5 47. Rc7 Nb5 $17) 47. Ra7 $1 {[%emt 0:00:00] DEEPSTRONG} Nb2 {[%emt 0:00:00] CPLX 2.0 18 (g6-g5) (=17)} 48. f4 {[%emt 0:00:19] CPLX 2.0 0 (h2-h4) (=16)} Nc4 {[%emt 0:00:00] CPLX 2.0} 49. Kf2 {[%emt 0:00:35] CPLX 2.0 16 (g3-g4) (=16)} g5 {[%emt 0:00:00] CPLX 2.1 31 (Nc4-d6) (=17)} 50. Rc7 {[%emt 0:03:06] CPLX 2.3 30 (Kf2-f3) (=16)} Nb6 {[%emt 0:00:00] CPLX 2.5 49 (Nc4-d6) (=18)} ({Better is} 50... Nd6 $17 51. Kf3 gxf4 52. gxf4 Nb5) 51. Ra7 {[%emt 0:01:16] CPLX 2.2 56 (Nd8-b7) (=17)} (51. Nb7 $15) 51... exf4 {[%emt 0:00:00] CPLX 2.3 21 (Nb6-c8) (=18)} 52. exf4 {[%emt 0:00:23] RECAPT} Na4 {[%emt 0:01:33] CPLX 2.0 44 (Nb6-c8) (=18)} 53. Ke3 {[%emt 0:01:49] CPLX 2.0 32 (Kf2-f3) (=17)} gxf4+ {[%emt 0:00:04] CPLX 2.0} 54. gxf4 {[%emt 0:00:04] RECAPT} Nc3 {[%emt 0:01:30] CPLX 2.0 20 (Na4-b6) (=18)} (54... Nb6 $5 55. Ke4 Nc8 $17) 55. f5 {[%emt 0:00:23] [#] CPLX 2.0 114 (Ra7-d7) (=19)} (55. Rd7 $15) 55... Nb5 $1 $19 {[%emt 0:00:25] CPLX 2.0=>BLUNDERREACT} ({Stronger than} 55... Rxf5 56. Rxa6 Rh5 57. Ra7 $17) 56. Rd7 {[%emt 0:01:04] CPLX 2.1 6 (Ra7-a8) (=19)} Rxf5 {[%emt 0:00:14] CPLX 2.0 7 (Rf6-d6) (=17)} 57. Nc6 {[%emt 0:00:26] CPLX 2.0} Kf6 {[%emt 0:01:10] CPLX 2.0 19 (Rf5-f6) (=17)} 58. Nb4 $2 {[%emt 0:00:34] [#] This costs White the game. CPLX 2.0 184 (Rd7-b7) (=21)} (58. Rb7 $17 {was worth a try.}) 58... a5 $1 {[%emt 0:00:17][%cal Ba6a5,Ba5a4,Ba4a3][%mdl 32] CPLX 2.0=>BLUNDERREACT} 59. Nc6 {[%emt 0:00:12] CPLX 2.1 42 (Nb4-c2) (=22)} a4 {[%emt 0:00:19] CPLX 2.0} 60. Nd8 $2 {[%emt 0:00:51] CPLX 2.1 337 (h2-h4) (=28)} (60. h4) 60... Kg6 {[%emt 0:05:58] CPLX 2.3 353 (a4-a3) (=23)} 61. Rb7 (61. Nc6 $142 Rh5 62. Rd2) 61... a3 62. Rb6+ f6 63. Ra6 (63. Nc6 $142 a2 64. Ra6) 63... Rh5 64. Ra5 Rh3+ (64... Nc3 $142 65. Ra8 a2) 65. Kf4 Rb3 66. Ne6 Rb4+ 67. Kg3 $2 (67. Kf3) 67... Rb2 {[%emt 0:00:00] Hoping for ...a2. Black is clearly winning.} 68. Nf4+ Kf5 {[%emt 0:00:00] Strongly threatening ...Rb3+.} 69. Nd5 Ke6 70. Ne3 (70. Nf4+ $142 Kd7 71. Kg4) 70... a2 71. Ra6+ Kd7 72. Nd5 Rb3+ 73. Kf4 Ra3 {[%emt 0:00:08] Weighted Error Value: White=0.28 (precise) /Black=0.24 (precise)} 0-1